AoeStats
← cmd

QS Arena

503464110Analyzed
3v3 RM · 1mo ago on Aug 31, 2026· 60m 32s· 6 players
Game mode
Random Map
Map size
Normal (6 player)
Population
200
Speed
Normal
Resources
Standard
Victory
Conquest
Starting age
Dark Age
Ending age
Imperial Age
RankedLock teamsTeams togetherTeam positionsShared explorationLock speedFull tech treeHidden civsTurbo modeCheats
Victory
Defeat
🇩🇪 Turks · Germany
960
+14
🇩🇪 Lithuanians · Germany
934
+16
🇩🇪 Goths · Germany
892
+18
🇩🇰 Teutons · Denmark
960
-17
🇮🇹 Sicilians · Italy
954
-17
🇳🇱 Chinese · Netherlands
868
-13
cmd
9:04 Loom
10:49 Feudal Age
11:52 Double-Bit Axe
15:06 Castle Age
13:13 Horse Collar
13:27 Gold Mining
14:42 Stone Mining
16:40 Heavy Plow
16:55 Bow Saw
18:24 Wheelbarrow
20:56 Stone Shaft Mining
22:15 Hand Cart
23:57 Anarchy
24:18 Squires
28:59 Imperial Age
28:51 Scale Mail Armor
29:02 Forging
30:00 Chain Mail Armor
30:29 Crop Rotation
31:06 Two-Man Saw
30:26 Perfusion
30:47 Conscription
30:10 Pikeman
31:30 Iron Casting
31:05 Halberdier
33:29 Elite Huskarl
35:09 Ballistics
40:17 Chemistry
43:26 Caravan
53:39 Siphons
53:54 Shipwright
53:45 Clinker Construction
53:45 Careening
53:31 Murder Holes
53:46 Masonry
53:27 Heated Shot
53:10 Sappers
54:17 Coinage
53:35 Town Watch
54:02 Scale Barding Armor
53:57 Padded Archer Armor
53:48 Fletching
54:58 Blast Furnace
53:44 Man-at-Arms
54:28 Town Patrol
55:04 Chain Barding Armor
55:25 Incendiaries
56:02 Banking
55:52 Leather Archer Armor
56:30 Illumination
56:06 Devotion
56:26 Sanctity
56:42 Theocracy
56:02 Herbal Medicine
56:19 Fervor
56:33 Carvel Hull
56:15 Bodkin Arrow
57:11 Heated Shot
57:53 Guilds
57:08 Heavy Scorpion
57:09 Onager
57:10 Capped Ram
57:53 Husbandry
57:14 Cavalier
57:14 Light Cavalry
58:05 Bloodlines
57:20 Heavy Cavalry Archer
57:20 Elite Skirmisher
57:23 Crossbowman
58:28 Faith
58:28 Incendiaries
59:19 Architecture
60:03 Ring Archer Armor
59:35 Hussar
60:17 Bracer
helo
8:42 Feudal Age
13:44 Castle Age
14:23 Scale Barding Armor
15:42 Horse Collar
15:50 Double-Bit Axe
17:48 Bow Saw
18:52 Loom
19:35 Chain Barding Armor
20:48 Bloodlines
21:48 Wheelbarrow
21:26 Heavy Plow
24:41 Forging
30:06 Imperial Age
28:38 Iron Casting
28:43 Hand Cart
32:24 Crop Rotation
32:24 Fletching
34:44 Ballistics
34:23 Murder Holes
34:38 Masonry
34:13 Treadmill Crane
34:44 Fortified Wall
34:54 Husbandry
34:38 Elite Leitis
37:33 Elite Leitis
39:04 Plate Barding Armor
42:21 Two-Man Saw
42:54 Conscription
50:28 Gold Mining
52:33 Stone Mining
noname
11:07 Feudal Age
9:25 Loom
11:44 Horse Collar
11:53 Double-Bit Axe
12:52 Wheelbarrow
16:09 Castle Age
17:00 Bloodlines
18:39 Husbandry
18:45 Heavy Plow
18:58 Bow Saw
18:45 Gold Mining
20:33 Loom
22:02 Stone Mining
24:07 Town Watch
25:33 Hand Cart
29:51 Imperial Age
29:18 Fletching
29:28 Padded Archer Armor
30:24 Ballistics
30:17 Masonry
30:25 Fortified Wall
29:56 Treadmill Crane
30:30 Thumb Ring
30:26 Bodkin Arrow
31:11 Parthian Tactics
30:09 Heavy Cavalry Archer
31:52 Bracer
32:08 Leather Archer Armor
33:17 Two-Man Saw
32:49 Scale Barding Armor
32:55 Forging
34:07 Bombard Tower
34:20 Architecture
35:38 Gold Shaft Mining
35:28 Sipahi
35:32 Conscription
36:30 Ring Archer Armor
37:48 Artillery
42:12 Caravan
47:30 Chain Barding Armor
47:45 Iron Casting
53:54 Plate Barding Armor
54:19 Blast Furnace
55:57 Scale Mail Armor
55:47 Arrowslits
56:02 Murder Holes
Fr3nk
9:20 Feudal Age
14:53 Castle Age
13:33 Double-Bit Axe
14:09 Horse Collar
22:20 Heavy Plow
24:37 Pikeman
25:18 Squires
30:05 Imperial Age
28:12 Wheelbarrow
27:25 Town Watch
28:16 Town Patrol
28:02 Loom
28:43 Padded Archer Armor
28:34 Fletching
29:00 Padded Archer Armor
29:17 Fletching
29:59 Ballistics
29:43 Murder Holes
30:56 Gold Mining
31:38 Bodkin Arrow
31:59 Leather Archer Armor
32:57 Halberdier
35:40 Bracer
36:10 Ring Archer Armor
36:36 Forging
36:28 Scale Mail Armor
35:58 Elite Chu Ko Nu
39:38 Iron Casting
39:20 Chain Mail Armor
forestero
8:26 Feudal Age
10:43 Loom
13:29 Castle Age
11:39 Horse Collar
12:57 Double-Bit Axe
13:57 Gold Mining
17:42 Heavy Plow
20:21 Wheelbarrow
19:53 Stone Mining
21:22 Pikeman
22:07 Squires
22:43 Bow Saw
24:01 Forging
23:52 Scale Mail Armor
23:42 Fletching
25:14 Murder Holes
25:40 Ballistics
26:58 Iron Casting
27:21 First Crusade
27:44 Town Watch
27:42 Crossbowman
27:44 Elite Skirmisher
30:21 Hand Cart
31:17 Gold Shaft Mining
31:17 Stone Shaft Mining
31:29 Stone Shaft Mining
31:30 Chain Mail Armor
35:19 Imperial Age
33:36 Arson
34:14 Bodkin Arrow
34:19 Padded Archer Armor
35:21 Elite Serjeant
36:23 Conscription
36:40 Hoardings
35:55 Arrowslits
37:10 Chemistry
37:23 Blast Furnace
37:38 Bracer
37:54 Leather Archer Armor
37:47 Siege Engineers
37:08 Halberdier
46:38 Plate Mail Armor
53:52 Arbalester
maltheh9797
8:19 Feudal Age
9:46 Wheelbarrow
13:06 Castle Age
11:37 Double-Bit Axe
12:03 Horse Collar
21:28 Hand Cart
21:46 Loom
22:25 Forging
22:26 Scale Barding Armor
24:30 Iron Casting
25:40 Town Watch
26:10 Bow Saw
25:55 Gold Mining
28:47 Imperial Age
27:51 Chain Barding Armor
27:50 Scale Mail Armor
28:38 Bloodlines
28:11 Pikeman
28:52 Squires
30:02 Conscription
29:41 Halberdier
29:44 Cavalier
30:36 Cavalier
31:36 Chain Mail Armor
32:22 Blast Furnace
35:54 Ballistics
Connection lost

Rejoining the realm…

Still unreachable

The connection could not be restored.

Session expired

The server has moved on; the page needs a fresh start.